 Dungeon Crawl Stone Soup version 0.28-a0-1447-ga5a8893891 (webtiles) character file.

Game seed: 18260012570181667490

69 derath95 the Skirmisher (level 4, 0/31 HPs)
             Began as a Demonspawn Fighter on Jan 11, 2022.
             Was a Believer of Hepliaklqana.
             Slain by an orc (4 damage)
             ... on level 3 of the Dungeon.
             The game lasted 00:05:48 (2143 turns).

derath95 the Skirmisher (Demonspawn Fighter)        Turns: 2143, Time: 00:05:49

Health: 0/31       AC:  7    Str: 18    XL:     4   Next: 2%
Magic:  5/5        EV:  9    Int:  9    God:    Hepliaklqana [**....]
Gold:   113        SH:  4    Dex: 13    Spells: 4/4 levels left

rFire   . . .      SeeInvis .   a - +0 war axe
rCold   . . .      Faith    .   c - +0 buckler
rNeg    . . .      Spirit   .   b - +0 scale mail
rPois   .          Reflect  .   (no helmet)
rElec   .          Harm     .   (no cloak)
rCorr   .          Rampage  .   k - +0 pair of gloves
Will    .....                   (no boots)
Stlth   ..........              (no amulet)
HPRegen 0.10/turn               (no ring)
MPRegen 0.18/turn               (no ring)

@: no status effects
A: reduced essence, claws 1, magic regeneration
a: Renounce Religion, Recall Ancestor, Ancestor Identity


You were on level 3 of the Dungeon.
You worshipped Hepliaklqana.
Hepliaklqana was pleased with you.
You visited 1 branch of the dungeon, and saw 3 of its levels.

You collected 113 gold pieces.

Inventory:

Hand Weapons
 a - a +0 war axe (weapon)
Armour
 b - a +0 scale mail (worn)
 c - a +0 buckler (worn)
 k - a +0 pair of gloves (worn)
Scrolls
 g - a scroll of silence {unknown}
 h - a scroll of fear {unknown}
 i - a scroll of teleportation {unknown}
Potions
 d - a potion of might
 e - 2 potions of heal wounds {unknown}
 f - a potion of lignification {unknown}
 j - a potion of attraction {unknown}


   Skills:
 + Level 3.4 Fighting
 + Level 2.2(2.3) Axes
 + Level 0.6(1.6) Maces & Flails
 + Level 3.0 Armour
 + Level 3.0 Shields
 + Level 0.9 Spellcasting
 + Level 1.1 Invocations


You had 4 spell levels left.
You didn't know any spells.
Your spell library contained the following spells:

 Spells                   Type           Power      Damage    Failure   Level
 Frozen Ramparts          Ice            0%         1d2       99%         3
 Ice Form                 Ice/Tmut       0%         N/A       100%        4
 Summon Ice Beast         Ice/Summ       0%         N/A       100%        4


Dungeon Overview and Level Annotations

Branches:
Dungeon (3/15)

Altars:
Cheibriados
Hepliaklqana


Innate Abilities, Weirdness & Mutations

Your life essence is reduced to manifest your ancestor. (-10% HP)
You have sharp fingernails.
You regenerate magic rapidly.


Message History

A ball python comes into view.
The ball python hisses angrily.
The ball python bites you. The ball python misses you.
You slash the ball python!
You kill the ball python!
You see here a ball python corpse.
Found a quarterstaff.
An orc comes into view. It is wielding a +1 mace of holy wrath.
The orc moves out of view. 2 orcs come into view.
The orc shouts! x2
An orc comes into view. It is wielding a +0 hand axe.
The orc shouts!
The orc hits you with a +0 hand axe.
Sanele points at the orc and mumbles some strange words.
The stone arrow hits the orc!
The orc dies!
The orc hits you with a +0 hand axe. The orc hits you with a +0 club.
Things that are here:
a +0 hand axe; an orc corpse You slash the orc!
You kill the orc!
You hit the orc. You closely miss the orc. The orc hits you with a +0 club.
The orc hits you with a +1 mace of holy wrath.
You convulse.
The orc hits you but does no damage.
You have reached level 4!
You feel agile.
Your demonic ancestry asserts itself...
Your fingernails lengthen.
Sanele remembers more of his old skill.
You hit the orc.
The orc is severely wounded.
You barely miss the orc.
The orc hits you with a +1 mace of holy wrath.
You convulse!
* * * LOW HITPOINT WARNING * * *
The orc hits you but does no damage.
You slash the orc!
You kill the orc!
You barely miss the orc. The orc hits you with a +0 club.
You die...

...... # . #.....##
..###....#.. # #
..##...>.#.# ##. .#
##............ .##..##
.##..#.#.##..... .......
.....#).........
..##..o##...............
#....R@................
.).#..)...#.............
...#.#####..#......†....
#.#. ###...............
##...##....#......##....
#.........##.####..#.#..
.#.....###..# ##...###
#.##......#######..##
#......#####........##


You could see the friendly Sanele the battlemage and an orc (ally target).

Vanquished Creatures
  A dart slug (D:1)
  3 orcs (D:3)
  6 ball pythons
  2 giant cockroaches (D:1)
  4 goblins
  4 hobgoblins
  4 kobolds
  4 quokkas
  2 bats
  2 frilled lizards
  5 rats
37 creatures vanquished.

Vanquished Creatures (collateral kills)
  An adder (D:2)
  A worm (D:3)
  An orc (D:3)
  A ball python (D:3)
  An endoplasm (D:2)
  A hobgoblin (D:1)
  2 kobolds (D:2)
  A quokka (D:3)
  2 bats
  A goblin (D:3)
  A rat (D:2)
13 creatures vanquished.

Vanquished Creatures (others)
  2 ancestors (D:1)
2 creatures vanquished.

Grand Total: 52 creatures vanquished

Notes
Turn   | Place    | Note
-------+----------+-------------------------------------------
     0 | D:1      | derath95 the Demonspawn Fighter began the quest for the
                  | Orb.
     0 | D:1      | Reached XP level 1. HP: 18/18 MP: 1/1
    27 | D:1      | Found a faded altar of an unknown god.
    50 | D:1      | Prayed at the altar of an unknown god.
    50 | D:1      | Became a worshipper of Hepliaklqana the Forgotten
    50 | D:1      | Reached * piety under Hepliaklqana
   214 | D:1      | Gained mutation: You regenerate magic rapidly. [demonic
                  | ancestry]
   214 | D:1      | Reached XP level 2. HP: 21/21 MP: 2/2
   966 | D:2      | Reached XP level 3. HP: 25/26 MP: 3/3
  1564 | D:2      | Reached ** piety under Hepliaklqana
  1577 | D:2      | Remembered your ancestor Sanele as a battlemage
  1981 | D:3      | Found a snail-covered altar of Cheibriados.
  1983 | D:3      | Found a hazy altar of Hepliaklqana.
  2049 | D:3      | Reached skill level 1 in Invocations
  2142 | D:3      | Gained mutation: You have sharp fingernails. [demonic
                  | ancestry]
  2142 | D:3      | Reached XP level 4. HP: 17/31 MP: 5/5
  2143 | D:3      | Slain by an orc

Illustrated notes

Levels and vault maps discovered:
D:1:      amcnicky_arrival_wind_blow, layout_loops_ring,
          chequers_ecumenical_altar_simple_redux
D:2:      layout_basic
D:3:      layout_rooms, grunt_temple_overflow_open, palyth_stone_intersect,
          st_stairs_14

Skill      XL: |  1  2  3 |
---------------+----------+-----
Axes           | 2 |  2.2
Shields        | 3 |  3.0
Armour         | 3 |  3.0
Invocations    | 1 |  1.1
Fighting       | |  3.4
Maces & Flails | |  0.6
Spellcasting   | |  0.9

Action                   |  1- 3 |  4- 6 || total
-------------------------+-------+-------++-------
Melee: War axe           |    98 |     2 ||   100
Invok: Ancestor Life: Ba |     1 |       ||     1
Armor: Scale mail        |    43 |     1 ||    44
Dodge: Dodged            |    45 |       ||    45
Block: Buckler           |    23 |       ||    23

Table legend: (Time is in decaauts)
 A = Elapsed time spent in this place.
 B = Non-inter-level travel time spent in this place.
 C = Inter-level travel time spent in this place.
 D = Time resting spent in this place.
 E = Time spent auto-exploring this place.
 F = Levels seen in this place.
 G = Mean time per level.
                   A        B        C        D        E       F      G
               +--------+--------+--------+--------+--------+-----+--------+
         Total |   2185 |   2185 |      0 |      0 |   1767 |   3 |  728.3 |
       Dungeon |   2185 |   2185 |      0 |      0 |   1767 |   3 |  728.3 |
               +--------+--------+--------+--------+--------+-----+--------+

Top non-repeatable levels by time:
     D:2: 1019 daAuts
     D:1: 965 daAuts
     D:3: 201 daAuts
